 Dungeon Crawl Stone Soup version 0.17-a0-2231-gd80ca38 (webtiles) character file.

17 Raultor the Sneak (level 2, 0/17 HPs)
             Began as an Octopode Enchanter on Oct 29, 2015.
             Slain by a hobgoblin (2 damage)
             ... on level 1 of the Dungeon.
             The game lasted 00:01:52 (281 turns).

Raultor the Sneak (Octopode Enchanter)               Turns: 281, Time: 00:01:52

Health: 0/17       AC:  2    Str:  7    XL:     2   Next: 62%
Magic:  1/5        EV: 12    Int: 17    God:
Gold:   29         SH:  0    Dex: 12    Spells: 2 memorised, 2 levels left

rFire  . . .     SeeInvis .     a - +1 dagger
rCold  . . .     Clarity  .     (no shield)
rNeg   . . .     SustAt   .     e - +1 hat
rPois  .         Gourm    .     (no amulet)
rElec  .         Spirit   .     (no ring)
rCorr  .         Warding  .     (no ring)
rMut   .         Stasis   .     (no ring)
MR     .....                    (no ring)
Stlth  ++++......               (no ring)
                                (no ring)
                                (no ring)
                                (no ring)

@: very slightly contaminated, not resistant to hostile enchantments, stealthy
A: almost no armour, amphibious, 8 rings, constrict 8, camouflage 1, gelatinous
body 1
a: no special abilities


You were on level 1 of the Dungeon.
You were not hungry.

You visited 1 branch of the dungeon, and saw 1 of its levels.

You collected 29 gold pieces.

Inventory:

Hand Weapons
 a - a +1 dagger (weapon)
Armour
 e - a +1 hat (worn)
Scrolls
 d - a scroll of enchant armour {unknown}
Potions
 f - a potion of haste {unknown}
Books
 b - a book of Maledictions

   Spells                             Type                      Level
   a - Corona                         Hexes                        1
   b - Ensorcelled Hibernation        Hexes/Ice                    2
   c - Confuse                        Hexes                        3
   d - Tukima's Dance                 Hexes                        3
   e - Dazzling Spray                 Conjuration/Hexes            3
Comestibles
 c - a bread ration
 g - 3 chunks of flesh


   Skills:
 - Level 1.1 Short Blades
 + Level 2.0 Dodging
 + Level 4.5 Stealth
 + Level 2.1 Spellcasting
 * Level 3.3 Hexes


You had 2 spell levels left.
You knew the following spells:

 Your Spells              Type           Power        Failure   Level  Hunger
a - Corona                Hex            ##.....      6%          1    #......
b - Ensorcelled Hibernat  Hex/Ice        #.....       17%         2    ###....


Dungeon Overview and Level Annotations

Branches:
Dungeon (1/15)

Altars:


Innate Abilities, Weirdness & Mutations

You cannot wear most types of armour.
You are amphibious.
You can wear up to eight rings at the same time.
You can use your tentacles to constrict eight enemies at once.
Your skin changes colour to match your surroundings (Stealth).
Your rubbery body absorbs attacks (AC +1).


Message History

Press: ? - help, Shift-Dir - straight line, f - hobgoblin
Aim: a hobgoblin (chance to defeat MR: 78%)
The hobgoblin resists with significant effort.
The hobgoblin hits you.
* * * LOW HITPOINT WARNING * * *
Casting: Ensorcelled Hibernation
Confirm with . or Enter, or press ? or * to list all spells.
Aiming: Ensorcelled Hibernation
Press: ? - help, Shift-Dir - straight line, f/p - hobgoblin
Aim: a hobgoblin (chance to defeat MR: 78%)
You miscast Ensorcelled Hibernation.
You are very lightly contaminated with residual magic.
Nothing appears to happen.
The hobgoblin hits you.
* * * LOW HITPOINT WARNING * * *
Casting: Ensorcelled Hibernation
Confirm with . or Enter, or press ? or * to list all spells.
Okay, then.
You closely miss the hobgoblin. You grab the hobgoblin.
You constrict the hobgoblin. The hobgoblin hits you.
You die...

## . #. ###.. ###
.....#######..!. .
#.............#. ..
................ .##########
#..#### .+....♣P#P####gg@.#
.#≈≈≈..♣P#.♣ ####.#
.##≈8....<♣# #.#
.#≈≈≈..♣P#.♣ #.#
.'....♣P#P## #.# .....
.################.####.....
...#.......##.......^.......
##....÷.....................
....###..###..###...........


You could see 2 hobgoblins.

Vanquished Creatures
  5 bats (D:1)
  4 goblins (D:1)
  2 jackals (D:1)
  3 kobolds (D:1)
  3 giant cockroaches (D:1)
17 creatures vanquished.

Notes
Turn   | Place    | Note
--------------------------------------------------------------
     0 | D:1      | Raultor the Octopode Enchanter began the quest for the Orb.
     0 | D:1      | Reached XP level 1. HP: 11/11 MP: 3/3
    92 | D:1      | Reached XP level 2. HP: 15/17 MP: 5/5
   106 | D:1      | Learned a level 2 spell: Ensorcelled Hibernation
   281 | D:1      | Slain by a hobgoblin

Vault maps used:
D:1:      tarquinn_simple_flora_water_d, minmay_misc_feat_five,
          corexii_item_surrounded_by_moat, minmay_crystal_water,
          minmay_misc_feat_nine_boxes

Action                   || total
-------------------------++-------
Melee: Dagger            ||    30
 Cast: Ensorcelled Hiber ||     1
 Stab: Sleeping          ||     9
